 Dungeon Crawl Stone Soup version 0.31-a0-806-g0bc164a743 (webtiles) character file.

Game seed: 1543877151237070649

351 Newt the Spear-Bearer (level 6, -1/45 (48) HPs)
             Began as a Merfolk Gladiator on Sept 20, 2023.
             Was an Initiate of Hepliaklqana.
             Slain by a wight
             ... wielding a +5 short sword
              (2 damage)
             ... on level 7 of the Dungeon.
             The game lasted 00:03:08 (3313 turns).

Newt the Spear-Bearer (Merfolk Gladiator)           Turns: 3313, Time: 00:03:09

HP:   -1/45 (48)    AC:  4    Str: 23    XL:     6   Next: 61%
MP:   6/6           EV: 13    Int:  7    God:    Hepliaklqana [......]
Gold: 121           SH:  0    Dex: 15    Spells: 5/5 levels left

rFire   . . .        a - +0 trident
rCold   + + .        (no shield)
rNeg    . . .        b - +0 leather armour
rPois   .            c - +0 helmet
rElec   .            (no cloak)
rCorr   .            (no gloves)
SInv    .            (no boots)
Will    .....        (no amulet)
Stlth   +            g - ring of Hamuwk {rC++ Str+6}
HPRegen 0.27/turn    (no ring)
MPRegen 0.10/turn

%: no passive effects
@: drained
A: (nimble swimmer 2), mertail
a: Renounce Religion


You were on level 7 of the Dungeon.
You worshipped Hepliaklqana.
Hepliaklqana was noncommittal.
You visited 2 branches of the dungeon, and saw 6 of its levels.

You collected 205 gold pieces.
You spent 84 gold pieces at shops.

Inventory:

Hand Weapons
 a - a +0 trident (weapon)
Missiles
 d - a throwing net (quivered)
Armour
 b - a +0 leather armour (worn)
 c - a +0 helmet (worn)
Jewellery
 g - the ring of Hamuwk (left hand) {rC++ Str+6}
   (You acquired it on level 3 of the Dungeon)

   [ring of strength]

   Str+6:     It affects your strength (+6).
   rC++:      It greatly protects you from cold.
Scrolls
 f - a scroll of noise
 h - 3 scrolls of teleportation
 i - a scroll of fear
 m - a scroll of butterflies
 o - 2 scrolls of vulnerability {unknown}
Potions
 j - 2 potions of heal wounds
 k - 3 potions of curing
 l - 2 potions of magic {unknown}
 n - 2 potions of enlightenment {unknown}


   Skills:
 - Level 4.0 Fighting
 + Level 8.6 Polearms
 - Level 2.0 Throwing
 - Level 4.0 Dodging


You had 5 spell levels left.
You didn't know any spells.
Your spell library contained the following spells:

 Spells                   Type           Power      Damage    Failure   Level
 Sandblast                Erth           0%         2d4       47%         1
 Passwall                 Tmut/Erth      0%         N/A       63%         2
 Stone Arrow              Conj/Erth      0%         3d7       85%         3
 Brom's Barrelling Bould  Conj/Erth      0%         2d3       99%         4


Dungeon Overview and Level Annotations

Branches:
Dungeon (7/15)             Temple (1/1) D:7

Altars:
Ashenzari
Cheibriados
Fedhas
Hepliaklqana
Makhleb
Nemelex Xobeh
Okawaru
Qazlal
Ru
Sif Muna
Uskayaw
Vehumet
Wu Jian
Xom
Zin
The Shining One

Shops:
D:2 *


Innate Abilities, Weirdness & Mutations

((You are very nimble when in or above water. (Stealth+, EV+, Speed+++)))
Your lower body shifts to a powerful aquatic tail in water.


Message History

The wight is lightly damaged.
The wight hits you with a +5 short sword!
You hit the wight.
The wight is moderately damaged.
The wight hits you from afar with a +0 halberd.
You hit the wight but do no damage.
The wight is moderately damaged.
The wight hits you with a +5 short sword!
The wight misses you.
You barely miss the wight.
The wight is moderately damaged.
You closely miss the wight.
The wight is moderately damaged.
The wight completely misses you.
The wight hits you with a +5 short sword.
You are too injured to fight recklessly!
You are too injured to fight recklessly!
Unknown command.
You are too injured to fight recklessly!
The wight attacks as it pursues you! The wight misses you.
The wight hits you but does no damage.
Things that are here:
a +4 hand axe of freezing; a +0 robe You hit the wight.
The wight is heavily damaged.
The wight hits you with a +5 short sword!
You feel drained.
Throw: javelin
Press: ? - help, Shift-Dir - straight line, f/p - wight
Aim: a wight, wielding a +5 short sword and wearing a +0 robe (heavily damaged, 59% to hit)
You throw a javelin. The javelin pierces through the wight.
The wight is almost destroyed.
The javelin closely misses the wight.
The wight hits you from afar with a +0 halberd.
* * * LOW HITPOINT WARNING * * *
The wight misses you.
The wight hits you with a +5 short sword!
* * * LOW HITPOINT WARNING * * *
You feel drained.
You die...

#..........# ..#
#..........# #.#
#..........###.#
#..........'.#)#
#..........#.#.#
#..............#
#............###
######.........#
#.z@#.....#.#
#.#)#.###.#.#
#.#z#.....#.# #
#.......#.#
+.......#.#
#.......#.#
........#.#
.(####... ...#
.##


You could see 2 wights.

Vanquished Creatures
  2 wights (D:7)
  Terence (D:2)
  Natasha (thrice) (D:2)
  An orc wizard (D:3)
  7 adders
  A worm (D:3)
  3 dart slugs (D:2)
  2 orcs (D:3)
  6 endoplasms
  2 goblins
  3 hobgoblins (D:1)
  4 kobolds
  5 quokkas
  6 ball pythons
  4 bats (D:2)
  12 frilled lizards
  2 rats
64 creatures vanquished.

Notes
Turn   | Place    | Note
-------+----------+-------------------------------------------
     0 | D:1      | Newt the Merfolk Gladiator began the quest for the Orb.
     0 | D:1      | Reached XP level 1. HP: 16/16 MP: 1/1
   419 | D:1      | Reached XP level 2. HP: 13/23 MP: 2/2
   787 | D:1      | Reached XP level 3. HP: 28/30 MP: 3/3
  1195 | D:2      | Reached XP level 4. HP: 37/37 MP: 4/4
  1334 | D:2      | Found Rysero's General Store.
  1342 | D:2      | Bought a scroll of identify for 24 gold pieces
  1342 | D:2      | Bought a scroll of identify for 24 gold pieces
  1342 | D:2      | Bought a potion of curing for 36 gold pieces
  1361 | D:2      | Reached skill level 5 in Polearms
  1445 | D:2      | Noticed Terence
  1469 | D:2      | Killed Terence
  1588 | D:2      | Reached skill level 6 in Polearms
  1588 | D:2      | Reached XP level 5. HP: 42/42 MP: 5/5
  1589 | D:2      | Noticed Natasha
  1602 | D:2      | Killed Natasha
  1669 | D:2      | Noticed Natasha
  1685 | D:2      | Killed Natasha
  1805 | D:2      | Noticed Natasha
  1816 | D:2      | Killed Natasha
  1817 | D:2      | Reached skill level 7 in Polearms
  2272 | D:3      | Identified a scroll of acquirement
  2273 | D:3      | Acquired the ring of Hamuwk {rC++ Str+6}
  2421 | D:3      | Reached XP level 6. HP: 17/48 MP: 6/6
  2679 | D:3      | Found a snail-covered altar of Cheibriados.
  2684 | D:3      | Found a sacrificial altar of Ru.
  2692 | D:3      | Found a glowing silver altar of Zin.
  3188 | D:4      | You fall into a shaft and drop 3 floors!
  3188 | D:7      | Found a staircase to the Ecumenical Temple.
  3223 | D:7      | Reached skill level 8 in Polearms
  3236 | Temple   | Entered the Ecumenical Temple
  3253 | Temple   | Became a worshipper of Hepliaklqana the Forgotten
  3313 | D:7      | HP: 1/47 [wight/+5 short sword (9)]
  3313 | D:7      | Slain by a wight

Illustrated notes

Levels and vault maps discovered:
D:1:      dpeg_arrival_water_fire, layout_basic, minivault_27,
          minmay_lizard_king
D:2:      layout_basic, serial_shops, shop, uniq_terence, uniq_natasha
D:3:      layout_loops_ring, minmay_overflow_temple_star_quad,
          amcnicky_mini_rare_corridor_liquid, amcnicky_mini_corridor_feature
D:4:      layout_layer_cave, nicolae_yredelemnul_corpse_copse,
          nicolae_dithmenos_the_darkroom
D:7:      layout_basic, temple_statues, uniq_jeremiah
Temple:   nicolae_temple_figure_eight

Skill      XL: |  1  2  3  4  5  6 |
---------------+-------------------+-----
Fighting       | 3 4 |  4.0
Polearms       | 6 7 8 |  8.6
Throwing       | |  2.0
Dodging        | |  4.0

Action                     |  1- 3 |  4- 6 || total
---------------------------+-------+-------++-------
  Melee: Trident           |   122 |   171 ||   293
         Punch             |     1 |     1 ||     2
  Throw: Throwing net      |       |     2 ||     2
         Javelin           |       |     1 ||     1
    Use: Scroll            |     3 |     4 ||     7
         Potion            |     1 |     1 ||     2
   Stab: Sleeping          |     2 |     1 ||     3
         Held in net/web   |       |     3 ||     3
 Armour: Leather armour    |    49 |    83 ||   132
  Dodge: Dodged            |    74 |    83 ||   157

Table legend: (Time is in decaauts)
 A = Elapsed time spent in this place.
 B = Non-inter-level travel time spent in this place.
 C = Inter-level travel time spent in this place.
 D = Time resting spent in this place.
 E = Time spent auto-exploring this place.
 F = Levels seen in this place.
 G = Mean time per level.
                   A        B        C        D        E       F      G
               +--------+--------+--------+--------+--------+-----+--------+
         Total |   3311 |   3174 |    137 |    233 |   2401 |   6 |  551.8 |
       Dungeon |   3278 |   3172 |    106 |    233 |   2401 |   5 |  655.6 |
        Temple |     32 |      1 |     31 |      0 |      0 |   1 |   32.0 |
               +--------+--------+--------+--------+--------+-----+--------+

Top non-repeatable levels by time:
     D:2: 1136 daAuts
     D:1: 1070 daAuts
     D:3: 869 daAuts
     D:4: 111 daAuts
     D:7: 90 daAuts
  Temple: 32 daAuts
